 Dungeon Crawl Stone Soup version 0.29-a0-22-gbf593b16ee (webtiles) character file.

Game seed: 18081520252303281372

14 shoop the Sneak (level 2, -2/15 HPs)
             Began as a Vampire Enchanter on Jan 30, 2022.
             Engulfed by a cloud of steam (7 damage)
             ... on level 1 of the Dungeon.
             The game lasted 00:01:06 (388 turns).

shoop the Sneak (Vampire Enchanter)                  Turns: 388, Time: 00:01:07

Health: -2/15      AC:  2    Str:  7    XL:     2   Next: 31%
Magic:  5/5        EV: 12    Int: 17    God:
Gold:   0          SH:  0    Dex: 14    Spells: 5/5 levels left

rFire   . . .      SeeInvis +   e - +0 dagger (protect)
rCold   + + .      Faith    .   (no shield)
rNeg    + + +      Spirit   .   b - +0 robe
rPois   ∞          Reflect  .   (no helmet)
rElec   .          Harm     .   (no cloak)
rCorr   .          Rampage  .   (no gloves)
Will    .....                   (no boots)
Stlth   +++++.....              (no amulet)
HPRegen 0.05/turn               (no ring)
MPRegen 0.09/turn               (no ring)

@: bloodless
A: bloodless, fangs 3, see invisible, vampiric 1
a: Revivify


You were on level 1 of the Dungeon.
You visited 1 branch of the dungeon, and saw 1 of its levels.

Inventory:

Hand Weapons
 a - a +1 dagger
 e - a +0 dagger of protection (weapon)
Armour
 b - a +0 robe (worn)
 g - a +0 leather armour
Scrolls
 d - a scroll of teleportation {unknown}
Potions
 c - a potion of invisibility
 f - a potion of haste {unknown}


   Skills:
 + Level 2.0 Short Blades
 - Level 2.1 Dodging
 + Level 5.1 Stealth
 - Level 2.0 Spellcasting
 - Level 4.4 Hexes


You had 5 spell levels left.
You didn't know any spells.
Your spell library contained the following spells:

 Spells                   Type           Power      Damage    Failure   Level
 Confusing Touch          Hex            16%        N/A       10%         3
 Tukima's Dance           Hex            16%        N/A       10%         3
 Ensorcelled Hibernation  Hex/Ice        18%        N/A       12%         2
 Dazzling Flash           Conj/Hex       18%        N/A       24%         3


Dungeon Overview and Level Annotations

Branches:
Dungeon (1/15)

Altars:


Innate Abilities, Weirdness & Mutations

You do not regenerate when monsters are visible.
You are frail without blood (-20% HP).
You can heal yourself when you bite living creatures.
You are immune to poison.
You have razor-sharp teeth.
You have supernaturally acute eyesight. (SInv)
You are afflicted with vampirism.


Message History

The rat bites you but does no damage.
You completely miss the rat.
The rat is severely wounded.
The rat misses you. The rat completely misses you.
You hit the rat.
You kill the rat!
The rat barely misses you.
You hit the rat but do no damage. The rat barely misses you.
You hit the rat.
You kill the rat!
Your Short Blades skill increases to level 2!
No target in view!
No target in view!
No target in view!
f - a fizzy emerald potion
Found 21 stones.
A bat comes into view.
You see here 21 stones.
Found 13 arrows.
Found a leather armour.
The helpless bat fails to defend itself.
You bite the bat, and draw its blood! You impale the bat!!
Your weapon exudes an aura of protection.
You kill the bat!
Found a leather armour.
You see here a +0 leather armour.
g - a +0 leather armour You start removing your armour.
You continue taking off your +0 robe. x2
You are engulfed in a cloud of scalding steam.
Keep disrobing? [Y]es or [N]o only, please.
Keep disrobing? [Y]es or [N]o only, please.
Keep disrobing? [Y]es or [N]o only, please.
Keep disrobing?
You stop removing your armour.
Ouch! That really hurt!
You are engulfed in a cloud of scalding steam.
You die...

≈≈≈§§§≈≈..#
≈§§§§§≈...#
≈≈§≈§.....#
≈≈§≈......##
≈≈§........#
≈..§§.§....#
..≈...§§..§§.#
...(......§§.§#
......#####.#@#
.....######...#
.............#
#.........###
#.........#
..###.........#
.............#
###.........#
#.........#


There were no monsters in sight!

Vanquished Creatures
  A bat (D:1)
  3 endoplasms (D:1)
  A giant cockroach (D:1)
  3 goblins (D:1)
  A kobold (D:1)
  4 rats (D:1)
13 creatures vanquished.

Notes
Turn   | Place    | Note
-------+----------+-------------------------------------------
     0 | D:1      | shoop the Vampire Enchanter began the quest for the Orb.
     0 | D:1      | Reached XP level 1. HP: 13/13 MP: 3/3
   146 | D:1      | Reached XP level 2. HP: 15/15 MP: 5/5
   148 | D:1      | Reached skill level 5 in Stealth
   277 | D:1      | Found a faded altar of an unknown god.
   388 | D:1      | Engulfed by a cloud of steam

Illustrated notes

Levels and vault maps discovered:
D:1:      minmay_arrival_loop, layout_rooms,
          ebering_ecumenical_altar_sacrificial, chequers_serial_rivers_room_a,
          lemuel_old_faithful

Skill      XL: |  1  2 |
---------------+-------+-----
Stealth        | 5 |  5.1
Short Blades   | 2 |  2.0
Dodging        | |  2.1
Spellcasting   | |  2.0
Hexes          | |  4.4

Action                   || total
-------------------------++-------
Melee: Dagger            ||    32
       Punch             ||     2
       Bite              ||     2
 Abil: Exsanguinate      ||     1
 Stab: Sleeping          ||     7
Armor: Robe              ||     2
Dodge: Dodged            ||    14

Table legend: (Time is in decaauts)
 A = Elapsed time spent in this place.
 B = Non-inter-level travel time spent in this place.
 C = Inter-level travel time spent in this place.
 D = Time resting spent in this place.
 E = Time spent auto-exploring this place.
 F = Levels seen in this place.
 G = Mean time per level.
                   A        B        C        D        E       F      G
               +--------+--------+--------+--------+--------+-----+--------+
         Total |    384 |    384 |      0 |    113 |    163 |   1 |  384.0 |
       Dungeon |    384 |    384 |      0 |    113 |    163 |   1 |  384.0 |
               +--------+--------+--------+--------+--------+-----+--------+

Top non-repeatable levels by time:
     D:1: 384 daAuts
